Description

2 base +1 roach timing that goes pool first to help your ally against early aggression.

Replay - 2v2 2 base Roach

Build Order

Get SALT Encoding   

  6  0:00  Drone  
  13  0:11  Overlord  Send to natural vs protoss, or for vision around your base vs zerg
  13  0:16  Drone  
  14  0:30  Drone x3  
  17  0:44  Extractor  
  17  0:45  Drone  
  17  0:50  Spawning Pool  Start ling speed when you have the gas, but cancel it when you start the roach warren
  17  0:55  Drone  
  17  1:07  Drone  
  18  1:18  Hatchery  
  17  1:22  Drone  
  18  1:36  Queen  Inject main, then walk to natural
  18  1:39  Zergling x4  Safety zerglings. Scout for proxies with these
  22  1:49  Overlord  
  22  2:07  Drone  
  23  2:12  Queen  
  31  2:49  Lair  
  34  2:53  Evolution Chamber  
  34  2:57  Roach Warren  
  32  2:59  Overlord  
  36  3:18  Zerg Missile Weapons Level 1  
  44  3:36  Spore Crawler x2  vs Protoss for oracles
  42  3:42  Extractor x2  
  42  3:44  Overlord  
  42  3:50  Glial Reconstitution  
  44  3:58  Overlord  
  47  4:13  Roach  
  49  4:19  Roach x2  
  53  4:26  Roach x4  
  61  4:32  Roach  
  63  4:39  Roach x2  
  81  5:00  Action  Move out before roach speed & +1 finish
Spawning Tool Build Advisor. Get it on Overwolf

Analysis

This build is designed to work with a 2-base chargelot all-in build, as they both hit at 5:10-5:30.

41-drone roach timings work in both ZvT and ZvZ in 1v1, but you might want to go pool first in 2v2 to help defend your ally against some rushes like 12 pool or proxy reapers.

  • Protoss normally walls off the natural vs zerg in 1v1, but can't in 2v2 so their natural is exposed.

  • Vs proxy reaper, your ling speed should finish when they have 3 reapers, so you should have speedlings in time to help defend.

  • In ZvZ, you wall off your natural to prevent ling floods, but you can't do that in 2v2 so you'll need to start ling speed in case. (It later gets cancelled when you start your roach warren if they're not being aggressive)

Go to:

Details

  • Created by: flashandfoul
  • Published on: Jan 03, 2026
  • Modified on: Jan 03, 2026
  • Patch: 5.0.11
  • Difficulty: Medium
Show
View Real Time Build Order
Export as new Build Order

Comments (0)

There are no comments. Be the first!

Create an account to comment!